 Dungeon Sprint DCSS version 0.31-a0-841-g038b102fc3 (webtiles) character file.

Game seed: 10600702958421932406

72 sircluck the Ruffian (level 4, -7/73 HPs)
             Began as a Troll Berserker on Sept 27, 2023.
             Was a Follower of Trog.
             Killed from afar by a steam dragon (20 damage)
             ... with a ball of steam
             ... in the Dungeon (Sprint VII: "The Pits").
             The game lasted 00:00:08 (26 turns).

sircluck the Ruffian (Troll Berserker)                Turns: 26, Time: 00:00:09

Health: -7/73      AC:  4    Str: 27    XL:     4   Next: 6%
Magic:  3/3        EV: 10    Int:  3    God:    Trog [*.....]
Gold:   0          SH:  0    Dex:  9    Spells: 3/3 levels left

rFire   . .          .
                       - Unarmed
rCold   . . .        (no shield)
rNeg    . . .        a - +0 animal skin
rPois   .            (helmet restricted)
rElec   .            (no cloak)
rCorr   .            (gloves unavailable)
SInv    .            (boots unavailable)
Will    .....        (no amulet) Stlth
                     (no ring)
HPRegen 1.12/turn    (no ring)
MPRegen 0.08/turn

%: no teleportation
@: berserking (expiring), very quick
A: large, unfitting armour, claws 3, regeneration 1, shaggy fur 1, tough skin 1
a: Renounce Religion, Berserk


You were in the Dungeon.
You worshipped Trog.
Trog was aware of your devotion.
You visited 1 branch

Inventory:

Armour
 a - a +0 animal skin (worn)
Scrolls
 g - a scroll of blinking
Potions
 b - a potion of curing
 c - a potion of heal wounds
 d - a potion of haste
 e - 2 potions of magic
 f - a potion of berserk rage


   Skills:
 + Level 4.5 Fighting
 + Level 4.5 Dodging
 + Level 5.4 Unarmed Combat


You had 3 spell levels left.
You didn't know any spells.
Your spell library was empty.

Dungeon Overview and Level Annotations

Branches:
Dungeon (1/1)

Altars:


Innate Abilities, Weirdness & Mutations

You are too large for most types of armour.
You have claws for hands.
Your natural rate of healing is unusually fast.
You are covered in fur. (AC +1)
You have tough skin. (AC +1)


Message History

There is a huge open gate to the Metal Vault (Medium) here.
There is a huge open gate to the Metal Vault (Medium) here.
As you open the large door, it creaks loudly!
A sky beast, a shadow and a steam dragon come into view.
The steam dragon hisses angrily.
A red film seems to cover your vision as you go berserk!
You feel yourself moving faster!
You feel mighty!
You barely miss the sky beast. You completely miss the sky beast.
The shadow slips into darkness.
The shadow flickers and vanishes!
Deactivating autopickup; reactivate with Ctrl-A.
The sky beast hits you. The sky beast shocks you.
You mangle the sky beast!!
The sky beast is almost dead.
The sky beast flickers out of sight!
Something hits you. Something shocks you.
You miss something. You barely miss something. Something hits you.
Something shocks you. The steam dragon breathes steam at you.
The ball of steam hits something!
Reactivating autopickup.
You feel a bit more experienced. The ball of steam hits you!
* * * LOW HITPOINT WARNING * * *
Your Fighting skill gained 2 levels and is now at level 4!
Your Dodging skill gained 2 levels and is now at level 4!
Your Unarmed Combat skill gained 2 levels and is now at level 5!
You have reached level 2!
You have reached level 3!
Your experience leads to an increase in your attributes!
Increase (S)trength, (I)ntelligence, or (D)exterity?
You feel stronger. x3
You have reached level 4!
Unknown command.
Unknown command.
You feel a strong urge to attack something.
You claw the steam dragon!
The steam dragon is heavily wounded.
The steam dragon breathes steam at you. The ball of steam hits you!!
You die...

#................+
+................+
#......#..#......#
#................#
####'#####''######
#.......##''#####
#.......##.§§§..#
#.......##.§§§§.#
#...<...###@§..##
#.......# ##D'##
#.......# ....#
#.......# ......#
##########......+
#......# ##....##
##++##


You could see a steam dragon (catching breath).

Vanquished Creatures (others)
  A sky beast (D)
1 creature vanquished.

Notes
Turn   | Place    | Note
-------+----------+-------------------------------------------
     0 | D        | sircluck the Troll Berserker began the quest for the Orb.
     0 | D        | Reached XP level 1. HP: 22/22 MP: 0/0
    17 | D        | Noticed a sky beast
    17 | D        | Noticed a shadow
    17 | D        | Noticed a steam dragon
    23 | D        | Killed a sky beast
    24 | D        | Reached skill level 5 in Unarmed Combat
    24 | D        | Reached XP level 2. HP: 7/33 MP: 1/1
    24 | D        | Reached XP level 3. HP: 9/40 MP: 2/2
    24 | D        | Reached XP level 4. HP: 11/49 MP: 3/3
    26 | D        | Killed from afar by a steam dragon

Illustrated notes

Levels and vault maps discovered:
D:        pitsprint [storerooms_1, entrance_room_1, metal_vault_2, armoury_3,
          mini_pit_1, grid_room_1, main_hall_1, silver_pit, the_coven_2,
          the_vestibule_1, steel_vault_2, golden_pit, hallway_of_sentries,
          crystal_vault_5, iron_vault_1, final_vault]

Skill      XL: |  1 |
---------------+----+-----
Fighting       | 4 |  4.5
Dodging        | 4 |  4.5
Unarmed Combat | 5 |  5.4

Action                     |  1- 3 |  4- 6 || total
---------------------------+-------+-------++-------
  Melee: Unarmed           |     5 |     1 ||     6
 Invoke: Berserk           |     1 |       ||     1
 Armour: Animal skin       |     4 |     1 ||     5

Table legend: (Time is in decaauts)
 A = Elapsed time spent in this place.
 B = Non-inter-level travel time spent in this place.
 C = Inter-level travel time spent in this place.
 D = Time resting spent in this place.
 E = Time spent auto-exploring this place.
 F = Levels seen in this place.
 G = Mean time per level.
                   A        B        C        D        E       F      G
               +--------+--------+--------+--------+--------+-----+--------+
         Total |     23 |     23 |      0 |      0 |     17 |   1 |   23.0 |
       Dungeon |     23 |     23 |      0 |      0 |     17 |   1 |   23.0 |
               +--------+--------+--------+--------+--------+-----+--------+

Top non-repeatable levels by time:
       D: 23 daAuts
